 Dungeon Crawl Stone Soup version 0.20.1-1-g8b1a95d (webtiles) character file.

97 slep the Skirmisher (level 4, -12/40 HPs)
             Began as a Hill Orc Fighter on Oct 31, 2017.
             Mangled by a worm (13 damage)
             ... on level 3 of the Dungeon.
             The game lasted 00:09:44 (1673 turns).

slep the Skirmisher (Hill Orc Fighter)              Turns: 1673, Time: 00:09:44

Health: -12/40     AC:  7    Str: 18    XL:     4   Next: 68%
Magic:  4/4        EV:  9    Int:  8    God:
Gold:   300        SH:  9    Dex: 15    Spells: 3/3 levels left

rFire    . . .     SeeInvis .   n - -1 hunting sling (curse)
rCold    . . .     Gourm    .   c - +0 shield
rNeg     . . .     Faith    .   b - +0 scale mail
rPois    .         Spirit   .   (no helmet)
rElec    .         Reflect  .   (no cloak)
rCorr    .         Harm     .   (no gloves)
MR       .....                  (no boots)
Stlth    ..........             (no amulet)
Regen    0.2/turn               o - +4 ring of dexterity
MPRegen  0.1/turn               p - +2 ring of evasion

@: no status effects
A: no striking features
a: no special abilities


You were on level 3 of the Dungeon.
You were not hungry.

You visited 1 branch of the dungeon, and saw 3 of its levels.

You collected 300 gold pieces.

Inventory:

Hand Weapons
 a - a +0 long sword
 l - a +0 short sword of distortion
 n - a cursed -1 hunting sling (weapon)
 v - a cursed -2 hunting sling
 y - a +0 war axe of freezing
Missiles
 s - 60 stones (quivered)
 t - 17 sling bullets
Armour
 b - a +0 scale mail (worn)
 c - a +0 shield (worn)
Jewellery
 o - a +4 ring of dexterity (left hand)
 p - a +2 ring of evasion (right hand)
Wands
 x - a wand of lightning (4/15)
Scrolls
 e - 2 scrolls of amnesia {unknown}
 g - 6 scrolls of teleportation {unknown}
 q - a scroll of immolation {unknown}
 r - 2 scrolls of identify {unknown}
 u - a scroll of enchant weapon {unknown}
 w - a scroll of random uselessness {unknown}
Potions
 d - 5 potions of might
 h - a potion of ambrosia {unknown}
 i - 2 potions of curing {unknown}
 j - 3 potions of mutation {unknown}
 m - 2 potions of haste {unknown}
Comestibles
 f - 3 bread rations
 k - a royal jelly


   Skills:
 + Level 4.2 Fighting
 + Level 3.7 Long Blades
 + Level 0.1 Slings
 + Level 3.7 Armour
 + Level 0.7 Dodging
 + Level 3.7 Shields


You had 3 spell levels left.
You didn't know any spells.

Dungeon Overview and Level Annotations

Branches:
Dungeon (3/15)

Altars:
Gozag


Message History

Aim: a worm (almost dead, berserk, fast, unusually strong, incited by Gozag)
You shoot a stone.
The stone hits the worm but does no damage.
The worm is almost dead.
The rat barely misses you. You block the worm's attack.
The rat barely misses you.
Firing (i - inventory. (,) - cycle):
s - 62 stones (quivered)
Press: ? - help, Shift-Dir - straight line, f/p - worm
Aim: a worm (almost dead, berserk, fast, unusually strong, incited by Gozag)
You shoot a stone. The stone barely misses the worm.
You block the rat's attack. The worm bites you!
* * * LOW HITPOINT WARNING * * *
You block the rat's attack.
Firing (i - inventory. (,) - cycle):
s - 61 stones (quivered)
Press: ? - help, Shift-Dir - straight line, f/p - worm
Aim: a worm (almost dead, berserk, fast, unusually strong, incited by Gozag)
You shoot a stone. The stone barely misses the worm.
The rat bites you.
* * * LOW HITPOINT WARNING * * *
The worm bites you!
You die...

###.#### .......## #.##
###.#...### ...#
....#.#...## ...#
##.#.......# ...####
#.#.####..######.......
#.#.####..#†...........
.....#..........r<.....
#.#..#.#..##...@w.....(
#.#..#.#..######((.####
#.#.......# #...(((.
#.....## #...####
#.#### #...# #####.#
####.#### ....#.#
#.......##### ..#.#.#
#.##........#
....#.#######
#.##..#.###.#####


You could see a worm (berserk) and a rat (berserk).

Vanquished Creatures
  3 adders
  An ooze (D:1)
  A worm (D:2)
  2 dart slugs (D:1)
  2 leopard geckos (D:2)
  3 giant cockroaches
  6 goblins
  7 hobgoblins
  10 jackals
  5 kobolds
  6 bats
  2 frilled lizards
  4 rats
52 creatures vanquished.

Notes
Turn   | Place    | Note
-------+----------+-------------------------------------------
     0 | D:1      | slep the Hill Orc Fighter began the quest for the Orb.
     0 | D:1      | Reached XP level 1. HP: 19/19 MP: 1/1
    42 | D:1      | Reached XP level 2. HP: 21/27 MP: 2/2
   230 | D:1      | Reached XP level 3. HP: 26/33 MP: 3/3
   367 | D:1      | Reached skill level 4 in Fighting
   719 | D:1      | You fall through a shaft!
   719 | D:2      | Found a faded altar of an unknown god.
   765 | D:2      | Became a worshipper of Gozag Ym Sagoz the Greedy
  1061 | D:2      | Reached XP level 4. HP: 40/40 MP: 4/4
  1438 | D:3      | Fell from the grace of Gozag
  1673 | D:3      | HP: 1/40 [rat (3)]
  1673 | D:3      | Mangled by a worm

Skill      XL: |  1  2  3 |
---------------+----------+-----
Fighting       | 4 |  4.2
Long Blades    | 3 |  3.7
Slings         | |  0.1
Armour         | |  3.7
Dodging        | |  0.7
Shields        | |  3.7

Action                   |  1- 3 |  4- 6 || total
-------------------------+-------+-------++-------
Melee: Long sword        |   115 |    49 ||   164
 Fire: Hunting sling     |       |    29 ||    29
Invok: Potion Petition   |       |     1 ||     1
       Renounce Religion |       |     1 ||     1
  Eat: Chunk             |       |     3 ||     3
Armor: Scale mail        |    61 |    24 ||    85
Dodge: Dodged            |    36 |    38 ||    74
Block: Shield            |    61 |    41 ||   102
       Rpst.: Long sword |    10 |    11 ||    21
